 Dungeon Crawl Stone Soup version 0.30-a0-632-g346586fe48 (webtiles) character file.

Game seed: 7251288185200590231

1660 wormed the Insei (level 9, -2/69 HPs)
             Began as an Octopode Transmuter on Jan 13, 2023.
             Was an Initiate of Gozag.
             Shot with an arrow by a centaur (13 damage)
             ... on level 7 of the Dungeon.
             The game lasted 00:08:09 (6123 turns).

wormed the Insei (Octopode Transmuter)              Turns: 6123, Time: 00:08:10

Health: -2/69      AC:  8    Str:  9    XL:     9   Next: 0%
Magic:  10/15      EV: 11    Int: 25    God:    Gozag
Gold:   143        SH:  0    Dex: 13    Spells: 10/16 levels left

rFire   x . .      SeeInvis .      - Unarmed
rCold   + + +      Faith    .    (shield currently unavailable)
rNeg    . . .      Spirit   .    (helmet currently unavailable)
rPois   +          Reflect  .    g - amulet of regeneration
rElec   .          Harm     .    l - +6 ring of intelligence
rCorr   .          Rampage  .    h - ring of wizardry
Will    .....                    (no ring)
Stlth   +                        (no ring)
HPRegen 1.11/turn                (no ring)
MPRegen 0.14/turn                (no ring)
                                 (no ring)
                                 (no ring)

@: ice-form, wereblooded, gold aura
A: freezing attack, boosted hp, almost no armour, amphibious, 8 rings, large,
(camouflage 1), (gelatinous body 1), (nimble swimmer 1), (tentacles)
a: End Transformation, Renounce Religion, Potion Petition, Call Merchant, Bribe
Branch


You were on level 7 of the Dungeon.
You worshipped Gozag.
Gozag was aware of your devotion.
You were a creature of crystalline ice.
You visited 2 branches of the dungeon, and saw 8 of its levels.

You collected 231 gold pieces.
You paid 88 gold pieces to Gozag.

Inventory:

Jewellery
 g - an amulet of regeneration (around neck)
 h - a ring of wizardry (right front paw)
 l - a +6 ring of intelligence (left front paw)
Wands
 i - a wand of flame (21)
 n - a wand of digging (6)
Scrolls
 b - a scroll of amnesia
 d - 2 scrolls of enchant armour
 k - 2 scrolls of vulnerability
 o - 3 scrolls of identify
 p - a scroll of fog {unknown}
 q - a scroll of summoning
 r - a scroll of magic mapping {unknown}
 s - a scroll of fear
Potions
 a - a potion of lignification
 c - 2 potions of curing
 e - a potion of berserk rage
 f - 2 potions of attraction {unknown}
 j - a potion of magic {unknown}
 m - 2 potions of haste {unknown}


   Skills:
 + Level 4.2 Fighting
 + Level 4.7 Dodging
 + Level 5.3 Unarmed Combat
 + Level 4.3 Spellcasting
 + Level 4.7 Transmutations
 - Level 5.0 Ice Magic


You had 10 spell levels left.
You knew the following spells:

 Your Spells              Type           Power      Damage    Failure   Level
a - Ice Form              Ice/Tmut       29%        N/A       4%          4
b - Wereblood             Tmut           29%        N/A       1%          2

Your spell library contained the following spells:

 Spells                   Type           Power      Damage    Failure   Level
 Beastly Appendage        Tmut           58%        N/A       1%          1
 Hailstorm                Conj/Ice       17%        3d6       4%          3
 Spider Form              Tmut/Pois      17%        N/A       4%          3
 Blink                    Tloc           10%        N/A       5%          2
 Momentum Strike          Conj/Tloc      10%        3d8       5%          2
 Scorch                   Fire           10%        2d5       5%          2
 Static Discharge         Conj/Air       10%        2-3/arc   5%          2
 Call Canine Familiar     Summ           5%         N/A       11%         3
 Lesser Beckoning         Tloc           10%        N/A       11%         3
 Portal Projectile        Hex/Tloc       10%        N/A       11%         3
 Vhi's Electric Charge    Tloc/Air       10%        N/A       11%         3
 Flame Wave               Conj/Fire      5%         2d5       32%         4
 Leda's Liquefaction      Hex/Erth       2%         N/A       32%         4
 Arcjolt                  Conj/Air       2%         1d12      65%         5
 Lightning Bolt           Conj/Air       2%         1d14      65%         5
 Summon Cactus Giant      Summ           2%         N/A       99%         6
 Simulacrum               Ice/Necr       Unusable   N/A       N/A         6

Dungeon Overview and Level Annotations

Branches:
Dungeon (7/15)             Temple (1/1) D:4

Altars:
Ashenzari
Cheibriados
Dithmenos
Elyvilon
Fedhas
Gozag
Hepliaklqana
Kikubaaqudgha
Makhleb
Nemelex Xobeh
Okawaru
Qazlal
Ru
Sif Muna
Trog
Uskayaw
Vehumet
Wu Jian
Xom
Yredelemnul
Zin
The Shining One

Shops:
D:4 (   D:6 ?

Annotations:
D:5 Blork the orc, Dowan, Duvessa, Menkaure
D:7 1 runed translucent door, jejorda2's ghost, novice MfBe


Innate Abilities, Weirdness & Mutations

You are a creature of crystalline ice.
You have a powerful freezing melee attack.
Your maximum health is increased.
Your armour is entirely melded.
You are incapable of wielding weapons or throwing items.
You cannot wear most types of armour.
You are amphibious.
You can wear up to eight rings at the same time.
((Your skin changes colour to match your surroundings (Stealth+).))
((Your rubbery body absorbs attacks. (AC +1, EV +1)))
((You are camouflaged when in or above water. (Stealth+)))
((You have tentacles for arms and can constrict up to eight enemies at once.))


Message History

The centaur shouts!
You hit the iguana but do no damage.
The iguana bites you but does no damage.
You hit the iguana.
The iguana seems to slow down.
You freeze the iguana.
The iguana is moderately wounded.
The centaur is no longer distracted by gold.
The iguana bites you!
You punch the iguana!
The iguana seems to slow down.
You freeze the iguana.
You feel a bit better.
You kill the iguana!
The centaur is distracted by your dazzling golden aura.
The bullfrog hits you.
You punch the bullfrog! You freeze the bullfrog.
The bullfrog is severely wounded.
The bullfrog completely misses you.
You hit the bullfrog.
The bullfrog seems to slow down.
You freeze the bullfrog.
The bullfrog is almost dead.
The bullfrog closely misses you.
The gnoll bouda is distracted by your dazzling golden aura.
You hit the bullfrog.
The bullfrog seems to slow down.
You freeze the bullfrog.
You feel a bit better.
You kill the bullfrog!
You have reached level 9!
Your experience leads to an increase in your attributes!
Your base attributes are Str 9, Int 17, Dex 13.
Increase (S)trength, (I)ntelligence, or (D)exterity?
You feel clever. x2
The centaur is no longer distracted by gold.
The centaur wields a +0 shortbow.
The centaur shoots an arrow.
The arrow hits you.
The gnoll bouda is no longer distracted by gold.
The centaur shoots an arrow.
The arrow hits you!
* * * LOW HITPOINT WARNING * * *
Found a viscous green potion.
Found a runed translucent door.
Jejorda2's ghost turns its malevolent gaze towards you.
The centaur shoots an arrow.
The arrow hits you!
* * * LOW HITPOINT WARNING * * *
The centaur shoots an arrow.
The arrow hits you!
You die...
Your body crumbles into a pile of gold.

.#####g.## §WT# .#
#F## ###+## .# #l#
#.... .# #.# #...
.# #g# #.. .# #.#
#.# .#
#.#########.#######
.#
#..ggc$$..........#
.#
###########Y#####.
.# #.......# .##
#..###### ..###
#..# ....#
#.<######## ###.#
#.......... ....#
##.######## _...#
#.# ....# #.#####


You could see a centaur and a gnoll bouda.

Vanquished Creatures
  Grinder (D:3)
  A steam dragon (D:6)
  2 ogres
  2 centaurs
  2 phantoms
  2 bullfrogs (D:7)
  A gnoll sergeant (D:5)
  A necrophage (D:6)
  2 jellies
  3 hounds
  4 iguanas
  3 orc wizards
  8 adders
  9 gnolls
  2 shadow imps
  An ufetubus (D:6)
  3 worms
  3 dart slugs
  8 orcs
  6 ball pythons
  4 endoplasms
  3 giant cockroaches
  6 goblins
  7 hobgoblins
  4 jackals
  7 quokkas
  11 bats
  5 frilled lizards
  6 kobolds
  3 rats
120 creatures vanquished.

Notes
Turn   | Place    | Note
-------+----------+-------------------------------------------
     0 | D:1      | wormed the Octopode Transmuter began the quest for the Orb.
     0 | D:1      | Reached XP level 1. HP: 13/13 MP: 3/3
   180 | D:1      | Reached XP level 2. HP: 13/18 MP: 3/5
   185 | D:1      | Learned a level 2 spell: Wereblood
   256 | D:1      | Reached skill level 1 in Ice Magic
   656 | D:1      | Reached XP level 3. HP: 23/23 MP: 2/6
  1524 | D:2      | Reached XP level 4. HP: 25/28 MP: 4/7
  2038 | D:2      | Learned a level 4 spell: Ice Form
  2551 | D:3      | Reached XP level 5. HP: 14/34 MP: 6/8
  2705 | D:3      | Noticed Grinder
  2719 | D:3      | Killed Grinder
  2720 | D:3      | Reached XP level 6. HP: 12/40 MP: 1/10
  3498 | D:4      | Reached XP level 7. HP: 45/45 MP: 5/11
  3716 | D:4      | Found a staircase to the Ecumenical Temple.
  3836 | D:4      | Found Yzuis's Antique Weapon Shop.
  3941 | Temple   | Entered the Ecumenical Temple
  4130 | D:5      | Entered Level 5 of the Dungeon
  4711 | D:5      | Reached XP level 8. HP: 52/52 MP: 13/13
  4734 | D:5      | Noticed Blork the orc
  4744 | D:5      | Noticed Menkaure
  4744 | D:5      | Noticed Duvessa
  4745 | D:5      | Noticed Dowan
  4879 | D:6      | Found Soegeor's Magic Scroll Shoppe.
  5072 | D:6      | Reached skill level 5 in Ice Magic
  5469 | D:6      | Found a large runed translucent door.
  5470 | D:6      | Found a large runed translucent door.
  5549 | D:6      | Reached skill level 5 in Unarmed Combat
  5711 | D:6      | Found a sparkling altar of Nemelex Xobeh.
  5720 | D:6      | Found a glowing golden altar of the Shining One.
  5898 | D:7      | Found a shimmering blue altar of Sif Muna.
  5902 | D:7      | Found a sacrificial altar of Ru.
  5908 | D:7      | Found an opulent altar of Gozag.
  5918 | D:7      | Found a shadowy altar of Dithmenos.
  5920 | D:7      | Became a worshipper of Gozag Ym Sagoz the Greedy
  5966 | D:7      | Found a blossoming altar of Fedhas.
  5969 | D:7      | Found a radiant altar of Vehumet.
  6120 | D:7      | Reached XP level 9. HP: 30/58 MP: 9/15
  6122 | D:7      | Found a runed translucent door.
  6122 | D:7      | Noticed jejorda2's ghost (novice MfBe)
  6122 | D:7      | Noticed a troll
  6123 | D:7      | Shot with an arrow by a centaur

Illustrated notes

Levels and vault maps discovered:
D:1:      psy_arrival_statuary, layout_basic
D:2:      layout_basic
D:3:      layout_rooms, palyth_stone_intersect, roderic_serpentine_path,
          hex_intersection, uniq_grinder
D:4:      layout_rooms, minmay_temple_entry_offerings, serial_shops,
          nicolae_diamond_shop
D:5:      layout_rooms, serial_shops, kennysheep_mini_moat,
          nicolae_shop_gadgets, uniq_duvessa, uniq_menkaure, uniq_blork_the_orc
D:6:      layout_gridville, jmf_multi_god_temple2, serial_shops,
          nicolae_shop_stone
D:7:      layout_loops_ring, nicolae_overflow_hallway_of_the_gods,
          nicolae_ossuary_entry_giza, ebering_ghost_inner_flame
Temple:   nicolae_temple_two_arcs

Skill      XL: |  1  2  3  4  5  6  7  8 |
---------------+-------------------------+-----
Ice Magic      | 1 2 3 4 5 |  5.0
Fighting       | 2 3 4 |  4.2
Dodging        | 3 4 |  4.7
Transmutations | 3 4 |  4.7
Unarmed Combat | 4 5 |  5.3
Spellcasting   | 3 4 |  4.3

Action                   |  1- 3 |  4- 6 |  7- 9 || total
-------------------------+-------+-------+-------++-------
Melee: Unarmed           |    83 |   123 |   159 ||   365
       Constrict         |    29 |    14 |       ||    43
       Tentacles         |    13 |     7 |       ||    20
       Kick              |    20 |    11 |       ||    31
       Punch             |     2 |       |       ||     2
 Cast: Beastly Appendage |    21 |    13 |       ||    34
       Wereblood         |    10 |    17 |    19 ||    46
       Ice Form          |       |     6 |    25 ||    31
  Use: Potion            |       |     1 |       ||     1
       Scroll            |       |     8 |     2 ||    10
 Stab: Sleeping          |     4 |     3 |       ||     7
Armor: Skin              |    17 |    44 |    58 ||   119
Dodge: Dodged            |    64 |    90 |    93 ||   247

Table legend: (Time is in decaauts)
 A = Elapsed time spent in this place.
 B = Non-inter-level travel time spent in this place.
 C = Inter-level travel time spent in this place.
 D = Time resting spent in this place.
 E = Time spent auto-exploring this place.
 F = Levels seen in this place.
 G = Mean time per level.
                   A        B        C        D        E       F      G
               +--------+--------+--------+--------+--------+-----+--------+
         Total |   6095 |   5965 |    130 |      8 |   4772 |   8 |  761.9 |
       Dungeon |   5919 |   5803 |    116 |      8 |   4683 |   7 |  845.6 |
        Temple |    175 |    161 |     14 |      0 |     89 |   1 |  175.0 |
               +--------+--------+--------+--------+--------+-----+--------+

Top non-repeatable levels by time:
     D:1: 1195 daAuts
     D:3: 1189 daAuts
     D:6: 1018 daAuts
     D:2: 848 daAuts
     D:4: 811 daAuts
     D:5: 532 daAuts
     D:7: 323 daAuts
  Temple: 175 daAuts
